cohdb
Replays
Latest Replays
All Replays
Popular Replays
Top Player Replays
Match Explorer
How It Works
Community
CoH3 Stats
Reddit
Sign in to upload your games and track your stats! →
Sign in with Steam
Match 45975499
Unlisted
Match 45975499
Overview
Messages
Build Orders
End
Royal Engineer Section
Selects Canadian Shock Battlegroup
Construct Section Command Post
Infantry Section
Infantry Section
Selects Attacking Spirit
Infantry Section
Infantry Section
Construct Field Infirmary
Selects Incendiary Munitions
Selects Canadian Shock Section
Construct Platoon Command Post
6-pounder Anti-tank Gun Team
Infantry Training
6-pounder Anti-tank Gun Team
Selects Pyrotechnics
FeriG
*Mule
0
0
Comments
sign in to comment!
No comments posted yet!